 Dungeon Crawl Stone Soup version 0.31.0-1-g2c135a0 (webtiles) character file.

Game seed: 11451314782914832882

88176 mezmerelda the Bewitcher (level 15, -13/80 HPs)
             Began as a Spriggan Enchanter on Feb 20, 2024.
             Was the Champion of Lugonu.
             Killed from afar by a kobold blastminer (34 damage)
             ... with an iron shot
             ... on level 2 of the Orcish Mines on Mar 6, 2024.
             The game lasted 03:16:56 (35926 turns).

mezmerelda the Bewitcher (Spriggan Enchanter)      Turns: 35926, Time: 03:16:56

Health: -13/80     AC:  5    Str:  7      XL:     15   Next: 45%
Magic:  30/30      EV: 28    Int: 17 (19) God:    Lugonu [******]
Gold:   1747       SH:  5    Dex: 20 (21) Spells: 16/34 levels left

rFire   + + +        a - +4 dagger (drain)
rCold   . . .        (no shield)
rNeg    . . .        N - +2 robe {rC+}
rPois   +            d - +2 hat
rElec   +            y - scarf {shadows}
rCorr   .            (gloves unavailable)
SInv    +            (boots unavailable)
Will    ++...        t - amulet of reflection
Stlth   ++++++       v - ring "Gyps" {rElec rF+++ rC- Str+3 Int+6}
HPRegen 0.00/turn    i - ring of poison resistance
MPRegen 0.22/turn

%: random rage (3%), reflection
@: on berserk cooldown, inhibited regen, slowed, studying 2 skills, quick
A: very small, no large weapons, unfitting armour, see invisible, speed 3,
berserk 1, clumsy 1, deformed body, deterioration 1, dopey 2, inhibited
regeneration
a: Renounce Religion, Depart the Abyss, Banish, Corrupt, Enter the Abyss, Brand
Weapon With Distortion


You were on level 2 of the Orcish Mines.
You worshipped Lugonu.
Lugonu was exalted by your worship.
You visited 4 branches of the dungeon, and saw 23 of its levels.

You collected 2601 gold pieces.
You spent 854 gold pieces at shops.

Inventory:

Hand Weapons
 a - a +4 dagger of draining (weapon)
 b - a +4 dagger of distortion
 C - the +7 dagger of Kedoz {antimagic, rElec rPois Str-3}
   (You found it on level 11 of the Dungeon)

   Str-3:     It affects your strength (-3).
   rElec:     It insulates you from electricity.
   rPois:     It protects you from poison
Missiles
 z - 6 throwing nets (quivered)
Armour
 d - a +2 hat (worn)
 y - a scarf of shadows (worn)
 B - a +2 robe of willpower
 N - a +2 robe of cold resistance (worn)
Jewellery
 g - a ring of resist corrosion
 i - a ring of poison resistance (right hand)
 q - a +6 ring of intelligence
 t - an amulet of reflection (around neck)
 v - the ring "Gyps" (left hand) {rElec rF+++ rC- Str+3 Int+6}
   (You found it on level 15 of the Dungeon)

   [ring of intelligence]

   Str+3:     It affects your strength (+3).
   Int+6:     It affects your intelligence (+6).
   rF+++:     It renders you almost immune to fire.
   rC-:       It makes you vulnerable to cold.
   rElec:     It insulates you from electricity.
 F - a +6 ring of strength
 H - the ring of Pueki {Ice Int+5}
   (You found it on level 15 of the Dungeon)

   [ring of ice]

   Ice:       It enhances your ice magic.
   Int+5:     It affects your intelligence (+5).
   rF-:       It makes you vulnerable to fire.
   rC+:       It protects you from cold.
 O - an amulet of guardian spirit
 Z - a ring of protection from cold
Wands
 r - a wand of iceblast (40)
 s - a wand of light (22)
 u - a wand of polymorph (12)
 A - a wand of mindburst (11)
 E - a wand of digging (3)
 I - a wand of flame (42)
 J - a wand of charming (21)
Scrolls
 e - 6 scrolls of revelation
 f - 3 scrolls of vulnerability
 j - 7 scrolls of teleportation
 l - 4 scrolls of amnesia
 m - 2 scrolls of enchant armour
 n - 8 scrolls of blinking
 M - 4 scrolls of fear
 P - 2 scrolls of torment
 Q - 2 scrolls of immolation
 W - a scroll of silence {unknown}
 X - 2 scrolls of fog
Potions
 c - 4 potions of invisibility
 h - 13 potions of curing
 k - 4 potions of haste
 o - 5 potions of heal wounds
 p - 4 potions of resistance
 w - a potion of mutation
 x - a potion of ambrosia
 D - 2 potions of attraction
 G - a potion of lignification
 K - 5 potions of might
 L - a potion of magic
 R - a potion of berserk rage
 S - 3 potions of brilliance
 V - a potion of enlightenment
Miscellaneous
 T - a lightning rod (4/4)


   Skills:
 - Level 10.0 Fighting
 - Level 10.0 Short Blades
 - Level 12.6 Dodging
 - Level 14.3 Stealth
 - Level 10.0 Spellcasting
 + Level 17.4 Hexes
 - Level 11.0 Ice Magic
 - Level 5.0 Invocations
 - Level 8.0 Evocations


You had 16 spell levels left.
You knew the following spells:

 Your Spells              Type           Power      Damage    Failure   Level
a - Anguish               Hex/Necr       19%        N/A       2%          4
c - Confusing Touch       Hex            61%        N/A       1%          3
d - Tukima's Dance        Hex            61%        N/A       1%          3
e - Ensorcelled Hibernat  Hex/Ice        100%       N/A       1%          2
f - Dazzling Flash        Conj/Hex       76%        N/A       1%          3
r - Cigotuvi's Dreadful   Necr/Alch/Air  16%        N/A       13%         2
s - Sting                 Conj/Alch      32%        1d5       9%          1

Your spell library contained the following spells:

 Spells                   Type           Power      Damage    Failure   Level
 Dimensional Bullseye     Hex/Tloc       19%        N/A       2%          4
 Summon Small Mammal      Summ           32%        N/A       9%          1
 Lesser Beckoning         Tloc           16%        N/A       13%         2
 Mercury Vapours          Alch/Air       16%        N/A       13%         2
 Sublimation of Blood     Necr           8%         N/A       13%         2
 Call Canine Familiar     Summ           8%         N/A       26%         3
 Fugue of the Fallen      Necr           8%         N/A       26%         3
 Gell's Gravitas          Tloc           8%         N/A       26%         3
 Teleport Other           Tloc           8%         N/A       26%         3
 Freezing Cloud           Conj/Ice/Air   10%        6-21      45%         5
 Dispel Undead            Necr           8%         3d8       63%         4
 Ignite Poison            Fire/Alch      8%         N/A       63%         4
 Iskenderun's Mystic Bla  Conj/Tloc      8%         2d4       63%         4
 Martyr's Knell           Necr/Summ      8%         N/A       63%         4
 Olgreb's Toxic Radiance  Alch           8%         N/A       63%         4
 Petrify                  Alch/Erth      8%         N/A       63%         4
 Summon Blazeheart Golem  Fire/Summ      8%         N/A       63%         4
 Irradiate                Conj/Alch      4%         3d13      93%         5
 Death Channel            Necr           4%         N/A       100%        6


Dungeon Overview and Level Annotations

Branches:
Dungeon (15/15)            Temple (1/1) D:4            Lair (5/5) D:8
 Shoals (0/4) Lair:3        Snake (0/4) Lair:2        Slime (0/5) Lair:4
    Orc (2/2) D:12         Vaults (0/5) D:13         Depths (0/4) D:15
    Elf: Orc:2

Altars:
Ashenzari
Cheibriados
Dithmenos
Elyvilon
Fedhas
Gozag
Hepliaklqana
Kikubaaqudgha
Makhleb
Nemelex Xobeh
Okawaru
Qazlal
Ru
Sif Muna
Trog
Uskayaw
Vehumet
Wu Jian
Xom
Yredelemnul
Zin
The Shining One
Jiyva
Lugonu

Shops:
D:7 =   D:12 (   Orc:2 *!(!

Annotations:
D:8 3 runed translucent doors, mdmota's ghost, novice DjCK
D:10 2 transporters
D:15 Qehurch's ghost, journeyman DrSh
Lair:4 exclusion: 3 oklob plants


Innate Abilities, Weirdness & Mutations

You are very small and have problems with some larger weapons.
You are too small for most types of armour.
You have supernaturally acute eyesight. (SInv)
You cover ground extremely quickly. (Speed+++)
You sometimes lose your temper in combat.
You are clumsy. (Dex -2)
Armour fits poorly on your strangely shaped body.
Your body sometimes deteriorates upon taking damage.
You are very dopey. (Int -4)
You do not regenerate when monsters are visible.


Message History

The kobold blastminer blasts its cannon at you.
The iron shot hits you!!
Your body deteriorates!
You feel clumsy.
You are too injured to fight recklessly!
You are too injured to fight recklessly!
You hit the kobold blastminer but do no damage.
The kobold blastminer appears confused.
You hit the kobold blastminer. You drain the kobold blastminer.
The kobold blastminer is lightly wounded.
You hit the kobold blastminer but do no damage.
The kobold blastminer is lightly wounded.
You hit the kobold blastminer but do no damage.
You drain the kobold blastminer.
The kobold blastminer is moderately wounded.
You are too injured to fight recklessly!
A red film seems to cover your vision as you go berserk!
You feel yourself moving faster!
You feel mighty!
You hit the kobold blastminer. You drain the kobold blastminer.
The kobold blastminer is heavily wounded.
You puncture the kobold blastminer! You drain the kobold blastminer.
You kill the kobold blastminer!
Lugonu accepts your kill.
You start resting.
You feel a strong urge to attack something.
You start resting.
You feel your anger nearly subside.
You start resting.
You are no longer berserk.
You are exhausted.
You feel yourself slow down.
You start resting.
Magic restored.
The kobold blastminer wields a +0 arbalest.
The kobold blastminer shoots a bolt.
The bolt hits you!!
* * * LOW HITPOINT WARNING * * *
A kobold blastminer is nearby!
There is a stone staircase leading up, spattered with blood here.
The kobold blastminer blasts its cannon at you.
The iron shot hits you!!
You die...

###....÷## #∩.......###...
.......)...#...
...÷.......##..# ........
.....§......##.. ........
....÷..[..[).#.. ........
#∩.÷.).÷)#)).##K###.......
###..÷.÷.##[).##.##.......
####..###...#.@$#.†.....
#####....#...........
#######[.)..##..........#
##.......)..##...#.......#
##.....))..###.##.........
##..[....#####.#.........#
#)......## #.......#...##
.).).[..# ##...#.......#
[)..)..## ##.#...#....


You could see a kobold blastminer.

Vanquished Creatures
  The ghost of Paschim the Severer, a journeyman MiBe of Trog (D:12)
  Azrael (D:15)
  Nessos (D:14)
  A quicksilver dragon zombie (D:15)
  Josephine (D:10)
  A fire dragon (Lair:5)
  Harold (D:9)
  4 vault guards (D:13)
  An ogre mage (Orc:1)
  4 hydras
  5 centaur warriors
  A death knight (D:15)
  6 two-headed ogres
  3 tengu warriors
  3 boulder beetles
  3 orc high priests
  2 skeletal warriors (D:15)
  An arcanist (D:14)
  A lindwurm (Lair:5)
  Pikel (D:4)
  A necromancer (D:15)
  10 orc knights
  2 deep elf pyromancers
  5 ugly things
  A salamander (Lair:2)
  An oklob plant (Lair:5)
  2 orc sorcerers (Orc:2)
  2 cyclopes
  A meliai (shapeshifter) (D:13)
  3 manticores
  16 elephants
  2 kobold blastminers (Orc:2)
  5 black mambas
  Joseph (D:9)
  3 molten gargoyles
  11 cane toads
  11 komodo dragons
  Psyche (D:9)
  2 rime drakes
  A tengu conjurer (D:14)
  3 merfolk (Lair:3)
  8 trolls
  2 hornets
  3 polar bears
  26 blink frogs
  A blink frog (shapeshifter) (D:14)
  3 vampires
  7 slime creatures
  2 shadows (D:13)
  6 wraiths
  10 wyverns
  4 fire elementals
  Sigmund (D:2)
  2 spriggans (shapeshifter)
  2 basilisks
  25 yaks
  A dancing weapon (Lair:3)
  3 neqoxecs (D:15)
  4 wargs
  4 vampire mosquitoes
  2 steam dragons
  A two-headed ogre zombie (Orc:1)
  A naga (shapeshifter) (D:15)
  3 nagas (Lair:2)
  7 hell hounds
  2 acid dragons
  20 water moccasins
  Duvessa (D:5)
  A black bear (D:6)
  An ice beast (D:7)
  10 orc warriors
  11 ogres
  8 centaurs
  7 wolves
  A phantom (D:5)
  Blork the orc (D:5)
  3 kobold brigands
  15 bullfrogs
  A gnoll sergeant (D:12)
  2 scorpions
  7 wights
  Dowan (D:5)
  9 killer bees
  11 howler monkeys
  An electric eel (Orc:1)
  A quasit (D:15)
  3 lava snakes (Lair:5)
  A jelly (D:6)
  9 hounds
  18 orc priests
  Crazy Yiuf (D:7)
  A gnoll bouda (D:8)
  3 iguanas
  Jessica (D:3)
  Ijyb (D:5)
  15 orc wizards
  6 hell rats (Lair:3)
  16 gnolls
  5 adders
  A shadow imp (D:6)
  3 white imps
  4 ufetubi (D:6)
  3 dart slugs
  3 ribbon worms
  40 orcs
  A bat (D:2)
  6 endoplasms
  3 giant cockroaches
  5 goblins
  A hobgoblin (D:1)
  4 jackals (D:3)
  3 quokkas
  3 ball pythons
  4 frilled lizards
  16 kobolds
  3 rats
551 creatures vanquished.

Vanquished Creatures (collateral kills)
  2 two-headed ogres (Orc:1)
  A merfolk siren (Lair:3)
  A gargoyle (D:12)
  2 orc warriors
  5 ogres (Orc:1)
  2 centaurs
  2 gnoll sergeants
  3 wights
  A killer bee (D:9)
  2 orc priests
  6 gnolls
  12 orcs
  A kobold (D:8)
40 creatures vanquished.

Vanquished Creatures (others)
  A flayed ghost (D:15)
  51 dancing weapons
  A kobold brigand (D:9)
  A killer bee (D:9)
  An orc wizard (Orc:2)
55 creatures vanquished.

Grand Total: 646 creatures vanquished

Notes
Turn   | Place    | Note
-------+----------+-------------------------------------------
     0 | D:1      | mezmerelda the Spriggan Enchanter began the quest for the
                  | Orb.
     0 | D:1      | Reached XP level 1. HP: 9/9 MP: 5/5
   428 | D:1      | Reached XP level 2. HP: 13/13 MP: 6/6
   431 | D:1      | Learned a level 2 spell: Ensorcelled Hibernation
   634 | D:1      | Found a faded altar of an unknown god.
   912 | D:2      | Noticed Sigmund
  1300 | D:2      | You fall into a shaft and drop 2 floors!
  1300 | D:4      | Found a hide-covered altar of Uskayaw.
  1468 | D:3      | Reached skill level 4 in Hexes
  1494 | D:3      | Reached skill level 5 in Stealth
  1587 | D:2      | Killed Sigmund
  1588 | D:2      | Reached skill level 5 in Hexes
  1588 | D:2      | Reached XP level 3. HP: 16/16 MP: 5/8
  1588 | D:2      | Reached XP level 4. HP: 21/21 MP: 6/10
  1588 | D:2      | Reached XP level 5. HP: 24/24 MP: 6/11
  1792 | D:3      | Learned a level 3 spell: Confusing Touch
  1796 | D:3      | Learned a level 3 spell: Tukima's Dance
  1798 | D:3      | Learned a level 1 spell: Sting
  1901 | D:3      | Found a glowing silver altar of Zin.
  1902 | D:3      | Noticed Jessica
  1941 | D:3      | Killed Jessica
  2111 | D:3      | HP: 1/24 [poisoned by an orc wizard]
  2260 | D:3      | Noticed a water moccasin
  2263 | D:3      | Killed a water moccasin
  2264 | D:3      | Reached skill level 5 in Spellcasting
  2264 | D:3      | Reached XP level 6. HP: 28/28 MP: 14/14
  2391 | D:3      | Reached skill level 6 in Hexes
  2397 | D:3      | Learned a level 3 spell: Dazzling Flash
  2412 | D:3      | Found a broken altar of Ashenzari.
  3138 | D:4      | Found a staircase to the Ecumenical Temple.
  3148 | Temple   | Entered the Ecumenical Temple
  3355 | D:4      | Noticed Pikel
  3416 | D:4      | Killed Pikel
  3417 | D:4      | Reached skill level 7 in Hexes
  3417 | D:4      | Reached XP level 7. HP: 16/37 MP: 15/15
  3767 | Temple   | Became a worshipper of Lugonu the Unformed
  3811 | D:5      | Entered Level 5 of the Dungeon
  3811 | D:5      | Found a burning altar of Makhleb.
  3829 | D:5      | Noticed Ijyb
  3857 | D:5      | Reached XP level 8. HP: 23/42 MP: 8/16
  4278 | D:5      | Reached skill level 5 in Short Blades
  4290 | D:5      | Noticed Blork the orc
  4331 | D:5      | Killed Blork the orc
  4459 | D:5      | Reached skill level 5 in Fighting
  5037 | D:5      | Killed Ijyb
  5081 | D:5      | Noticed Duvessa
  5083 | D:5      | Noticed Dowan
  5351 | D:5      | Killed Duvessa
  5586 | D:5      | Killed Dowan
  5827 | D:5      | Reached XP level 9. HP: 48/48 MP: 13/17
  5971 | D:6      | Reached * piety under Lugonu
  6421 | D:6      | Reached skill level 10 in Stealth
  6596 | D:6      | Found an ancient bone altar of Kikubaaqudgha.
  6596 | D:6      | Found an iron altar of Okawaru.
  6598 | D:6      | Found a glowing golden altar of the Shining One.
  6598 | D:6      | Found a bloodstained altar of Trog.
  6603 | D:6      | Reached skill level 1 in Evocations
  6696 | D:6      | Found a stormy altar of Qazlal.
  6696 | D:6      | Found a shimmering blue altar of Sif Muna.
  6697 | D:6      | Found a shimmering altar of Xom.
  6986 | D:7      | Reached skill level 5 in Evocations
  7005 | D:7      | Learned a level 2 spell: Cigotuvi's Dreadful Rot
  7380 | D:7      | Found Pyvaigg's Jewellery Emporium.
  7381 | D:7      | Reached ** piety under Lugonu
  7455 | D:7      | Bought a ring of poison resistance for 220 gold pieces
  7785 | D:7      | Identified the +9 hammer of Untimely Demise {venom, rElec
                  | Int+5}
  7787 | D:7      | Found a runed translucent door.
  7788 | D:7      | Noticed Crazy Yiuf
  7819 | D:7      | Killed Crazy Yiuf
  7958 | D:8      | Found a radiant altar of Vehumet.
  8040 | D:8      | Found a runed translucent gate.
  8040 | D:8      | Found a runed translucent gate.
  8154 | D:8      | Found a runed translucent gate.
  8158 | D:8      | Noticed mdmota's ghost (novice DjCK)
  8164 | D:8      | Found a sparkling altar of Nemelex Xobeh.
  8180 | D:8      | Identified the +6 falchion of Noatik {spect, rCorr Int+2}
  8236 | D:8      | Found a shadowy altar of Dithmenos.
  9069 | D:8      | Reached XP level 10. HP: 40/53 MP: 19/19
  9397 | D:8      | Reached *** piety under Lugonu
  9551 | D:8      | Reached skill level 5 in Dodging
  9978 | D:8      | Found a staircase to the Lair.
 10534 | D:9      | Noticed Harold
 10604 | D:9      | Reached skill level 8 in Hexes
 10852 | D:9      | Noticed Joseph
 10858 | D:9      | Killed Joseph
 10959 | D:9      | Noticed Psyche
 10971 | D:9      | Killed Psyche
 12032 | D:9      | Killed Harold
 12170 | D:10     | Entered Level 10 of the Dungeon
 12170 | D:10     | Noticed Josephine
 12313 | D:10     | Found a hazy altar of Hepliaklqana.
 12315 | D:10     | Noticed a wolf spider
 12315 | D:10     | Noticed a purple ugly thing
 12319 | D:10     | Found a transporter.
 12328 | D:10     | Found a transporter.
 12330 | D:10     | Noticed a green ugly thing
 12462 | D:10     | Killed Josephine
 12463 | D:10     | Reached skill level 9 in Hexes
 12463 | D:10     | Reached XP level 11. HP: 37/56 MP: 20/23
 12496 | D:10     | Reached **** piety under Lugonu
 12716 | D:10     | Noticed a two-headed ogre
 12753 | D:10     | Killed a two-headed ogre
 13372 | Lair:1   | Entered Level 1 of the Lair of Beasts
 13813 | Lair:1   | Reached skill level 10 in Hexes
 14697 | Lair:1   | Reached skill level 10 in Short Blades
 14733 | Lair:1   | Reached skill level 10 in Spellcasting
 15350 | Lair:2   | Reached XP level 12. HP: 30/63 MP: 24/27
 15810 | Lair:2   | Reached ***** piety under Lugonu
 15904 | Lair:2   | Found a staircase to the Snake Pit.
 17182 | Lair:3   | Found a staircase to the Shoals.
 17846 | Lair:3   | Reached skill level 10 in Fighting
 18247 | Lair:4   | Reached skill level 1 in Invocations
 18761 | Lair:4   | Found a viscous altar of Jiyva.
 19286 | Lair:4   | Noticed a seven-headed hydra
 19292 | Lair:4   | Killed a seven-headed hydra
 19543 | Lair:4   | Found a staircase to the Slime Pits.
 19573 | Lair:5   | Entered Level 5 of the Lair of Beasts
 19695 | Lair:4   | Reached skill level 10 in Dodging
 19990 | Lair:5   | Reached XP level 13. HP: 72/72 MP: 24/28
 20297 | Lair:5   | Reached skill level 5 in Invocations
 20999 | Lair:5   | Reached skill level 1 in Ice Magic
 22447 | Lair:5   | Found a large runed translucent door.
 22625 | Lair:5   | Found a large runed translucent door.
 22663 | Lair:5   | Noticed a fire dragon
 23219 | Lair:5   | Killed a fire dragon
 23220 | Lair:5   | Reached skill level 5 in Ice Magic
 23576 | D:11     | Identified the +7 dagger of Kedoz {antimagic, rElec rPois
                  | Str-3}
 23883 | D:11     | Reached ****** piety under Lugonu
 24541 | D:11     | Found a shimmering blue altar of Sif Muna.
 25626 | D:12     | Found Qeedeaxt's Weapon Boutique.
 25628 | D:12     | Found a staircase to the Orcish Mines.
 25662 | D:12     | Reached XP level 14. HP: 77/77 MP: 22/29
 25732 | Orc:1    | Entered Level 1 of the Orcish Mines
 25797 | Orc:1    | Found a runed translucent gate.
 25798 | Orc:1    | Found a runed translucent gate.
 25799 | Orc:1    | Found a runed translucent gate.
 25800 | Orc:1    | Noticed Paschim's ghost (journeyman MiBe)
 25807 | Orc:1    | Identified the +1 rapier of a bazaar {spect, rElec Will+}
 25901 | Orc:2    | Entered Level 2 of the Orcish Mines
 25905 | Orc:2    | Reached skill level 11 in Hexes
 26860 | D:13     | Found a white marble altar of Elyvilon.
 27346 | D:13     | Reached skill level 12 in Hexes
 27378 | D:13     | Identified a scroll of acquirement
 27379 | D:13     | Acquired 717 gold pieces
 27487 | D:12     | Learned a level 4 spell: Anguish
 28052 | D:13     | Found a gate to the Vaults.
 28158 | D:13     | Found a transporter.
 28190 | D:13     | Found a transporter.
 28225 | D:13     | Noticed a frost giant
 28631 | D:14     | Reached skill level 13 in Hexes
 28812 | D:14     | Reached skill level 10 in Ice Magic
 28891 | D:14     | Noticed Nessos
 28892 | D:14     | Killed Nessos
 29321 | D:15     | Entered Level 15 of the Dungeon
 29321 | D:15     | Found a transporter.
 29325 | D:15     | Noticed Azrael
 29544 | D:15     | Found a transporter.
 29586 | D:15     | Killed Azrael
 29992 | D:15     | Found a staircase to the Depths.
 29996 | D:15     | Reached skill level 14 in Hexes
 30316 | D:15     | Noticed Qehurch's ghost (journeyman DrSh)
 30838 | D:15     | Reached XP level 15. HP: 64/80 MP: 26/30
 31047 | D:15     | Reached skill level 15 in Hexes
 31780 | D:15     | Gained mutation: You are clumsy. (Dex -2) [a neqoxec]
 31930 | D:15     | Gained mutation: You sometimes lose your temper in combat.
                  | [a neqoxec]
 31930 | D:15     | Gained mutation: Your body sometimes deteriorates upon
                  | taking damage. [a neqoxec]
 31942 | D:15     | Identified the ring of Pueki {Ice Int+5}
 31961 | D:15     | Gained mutation: Armour fits poorly on your strangely
                  | shaped body. [a neqoxec]
 32135 | D:15     | Got the ring "Gyps" {rElec rF+++ rC- Str+3 Int+6}
 32135 | D:15     | Gained mutation: You are dopey. (Int -2) [a neqoxec]
 32149 | D:15     | Gained mutation: You are very dopey. (Int -4) [a neqoxec]
 32156 | D:15     | Gained mutation: You do not regenerate when monsters are
                  | visible. [a neqoxec]
 32602 | D:12     | Killed Paschim's ghost
 33245 | D:12     | Reached skill level 16 in Hexes
 34673 | Orc:2    | Found Savyifa's Weapon Shop.
 34673 | Orc:2    | Found Imut's Distillery.
 34734 | Orc:2    | Found Xop Ruy's Distillery.
 34734 | Orc:2    | Found Peom's Assorted Antiques.
 34739 | Orc:2    | Bought a potion of haste for 140 gold pieces
 34739 | Orc:2    | Bought a potion of heal wounds for 70 gold pieces
 34739 | Orc:2    | Bought a potion of berserk rage for 70 gold pieces
 34741 | Orc:2    | Bought 2 potions of curing for 78 gold pieces
 34741 | Orc:2    | Bought a potion of might for 52 gold pieces
 34742 | Orc:2    | Bought a scroll of identify for 56 gold pieces
 34742 | Orc:2    | Bought a scroll labelled YTYTHR VAIM for 28 gold pieces
 34742 | Orc:2    | Bought a potion of heal wounds for 140 gold pieces
 34917 | Orc:1    | Reached skill level 17 in Hexes
 35686 | Orc:1    | HP: 4/80 [two-headed ogre/+0 dire flail (7)]
 35926 | Orc:2    | Killed from afar by a kobold blastminer

Illustrated notes

Levels and vault maps discovered:
D:1:      lightli_arrival_lavapool, layout_loops_corners,
          hellmonk_ecumenical_altar_inner_sanctum
D:2:      layout_loops_ring, uniq_sigmund
D:3:      layout_basic, cheibrodos_ashenzari_chains,
          mainiacjoe_overflow_concentric_impassable, uniq_jessica
D:4:      layout_loops_cross, mainiacjoe_overflow_alcove_4,
          minmay_temple_entry_sparse_star, uniq_pikel
D:5:      layout_basic, mainiacjoe_overflow_small_starburst, nrook_mini_vaults,
          uniq_ijyb, uniq_duvessa, uniq_blork_the_orc
D:6:      layout_loops_ring, grunt_temple_overflow_open,
          kennysheep_generic_room_6
D:7:      layout_cave_pools, serial_shops, shop, uniq_crazy_yiuf_cottage
D:8:      layout_basic, nicolae_dithmenos_shadow_blocks,
          nemelex_diamond_rough_becter, old_standard_altar, erik_lair_island,
          ebering_ghost_rock_garden, minmay_manual_mares
D:9:      layout_irregular_city, chequers_serial_rivers_micro_e, uniq_harold,
          uniq_joseph, uniq_psyche
D:10:     layout_gridville, gammafunk_temple_overflow_arena, uniq_josephine
D:11:     layout_stronghold, serial_library_hellmonk_statue_hall
D:12:     layout_stronghold, orc_david_3, kennysheep_nub
D:13:     gammafunk_the_bubble [the_bubble_gammafunk_crates],
          layout_irregular_city, lightli_vaults_fourway_checkpoint,
          gauntlet_entry_generic, elyvilon_altar_5
D:14:     layout_roguey, infiniplex_staircase_pool_2, uniq_nessos
D:15:     gammafunk_depths_entry_grave, layout_loops_ring, corexii_corridor_pit,
          gammafunk_ghost_stat_death, uniq_azrael
Temple:   corrupted_temple
Lair:1:   layout_cave_pods, grunt_megastairs_5
Lair:2:   layout_chaotic_city, alex1729_snake_entry_snake, lemuel_fruit_fields
Lair:3:   layout_loops_ring, elwin_shoals_entry_stream,
          chequers_serial_rivers_micro_a
Lair:4:   layout_hall_layers, minmay_slime_entry_oklob_open, grunt_megastairs_4
Lair:5:   cheibrodos_lair_end_hotspot, layout_hall_layers, wad_woods_river_02,
          minmay_lair_oklob_items, nicolae_quartered_pool_impasse,
          lemuel_fruit_tree, serial_bayou_shore_b
Orc:1:    lemuel_ogre_cave, layout_caves, biasface_ghost_orc_armoury,
          mines2_lemuel
Orc:2:    grunt_orc_tribal_feast, layout_caves, basic_altar,
          lightli_volcano_entry_magma_tube

Skill      XL: |  1  2  3  4  5  6  7  8  9 10 11 12 13 14 15 |
---------------+----------------------------------------------+-----
Dodging        | 3 8 9 10 12 | 12.6
Spellcasting   | 3 5 7 10 | 10.0
Hexes          | 5 7 9 10 14 17 | 17.4
Stealth        | 5 7 10 11 14 | 14.3
Short Blades   | 4 6 7 10 | 10.0
Fighting       | 4 6 7 10 | 10.0
Evocations     | 8 |  8.0
Invocations    | 4 5 |  5.0
Ice Magic      | 6 11 | 11.0

Action                     |  1- 3 |  4- 6 |  7- 9 | 10-12 | 13-15 || total
---------------------------+-------+-------+-------+-------+-------++-------
  Melee: Dagger            |    45 |   111 |   344 |   898 |  1461 ||  2859
         Punch             |       |       |     9 |    17 |    25 ||    51
   Fire: Orcbow            |       |       |       |     2 |       ||     2
  Throw: Throwing net      |       |       |     1 |       |     3 ||     4
   Cast: Ensorcelled Hiber |     2 |     3 |    23 |     1 |     7 ||    36
         Sting             |       |    10 |    19 |    26 |    14 ||    69
         Confusing Touch   |       |     4 |    21 |   122 |   166 ||   313
         Tukima's Dance    |       |     4 |    46 |    29 |   113 ||   192
         Cigotuvi's Dreadf |       |       |     2 |     1 |       ||     3
         Dazzling Flash    |       |       |       |       |     4 ||     4
         Anguish           |       |       |       |       |     3 ||     3
  Evoke: Wand              |       |       |       |     2 |     9 ||    11
         Lightning rod     |       |       |       |       |     2 ||     2
    Use: Potion            |       |     1 |       |     2 |     1 ||     4
         Scroll            |       |       |     6 |    17 |     7 ||    30
   Stab: Sleeping          |    12 |     6 |    33 |    20 |    31 ||   102
         Confused          |       |     3 |    11 |   110 |   164 ||   288
         Distracted        |       |       |       |     1 |     7 ||     8
         Held in net/web   |       |       |       |       |     4 ||     4
         Invisible         |       |       |       |       |     3 ||     3
 Armour: Robe              |     4 |    32 |    97 |   150 |   270 ||   553
  Dodge: Dodged            |    25 |    64 |   187 |   455 |   852 ||  1583
  Block: Other             |       |       |    33 |    93 |   171 ||   297
         Reflection        |       |       |     5 |     4 |    11 ||    20
